 Dungeon Crawl Stone Soup version 0.27-a0-1202-ge72e49191c (webtiles) character file.

Game seed: 3886197335716470231

268 kae the Distorting Demonspawn (level 6, 0/48 HPs)
             Began as a Demonspawn Abyssal Knight on June 2, 2021.
             Was a Believer of Lugonu.
             Succumbed to a scorpion's poison
             ... on level 4 of the Dungeon.
             The game lasted 00:03:03 (4656 turns).

kae the Distorting Demonspawn (DsAK)                Turns: 4656, Time: 00:03:03

Health: 0/48       AC:  3    Str: 13 (14) XL:     6   Next: 0%
Magic:  9/9        EV: 11    Int: 13 (14) God:    Lugonu [**....]
Gold:   118        SH:  4    Dex: 12 (14) Spells: 5/5 levels left

rFire    . . .     SeeInvis .   a - +2 falchion (vorpal)
rCold    . . .     Faith    .   (no shield)
rNeg     . . .     Spirit   .   b - +0 leather armour
rPois    .         Reflect  .   (no helmet)
rElec    .         Harm     .   (no cloak)
rCorr    .         Rampage  .   (no gloves)
Will     .....                  (no boots)
Stlth    ++........             (no amulet)
HPRegen  0.16/turn              (no ring)
MPRegen  0.22/turn              (no ring)

@: lethally poisoned (0 -> -19)
A: talons 2, thin skeletal structure 1, magic regeneration, condensation shield
a: Renounce Religion, Depart the Abyss, Bend Space


You were on level 4 of the Dungeon.
You worshipped Lugonu.
Lugonu was pleased with you.
You visited 1 branch of the dungeon, and saw 4 of its levels.
You visited the Abyss 1 time.

You collected 118 gold pieces.

Inventory:

Hand Weapons
 a - a +2 vorpal falchion (weapon)
Missiles
 h - 40 stones (quivered)
Armour
 b - a +0 leather armour (worn)
Scrolls
 e - a scroll of fog
 f - a scroll of blinking
Potions
 c - a potion of heal wounds {unknown}
 d - a potion of magic
 g - a potion of lignification
 i - a potion of resistance
 j - a potion of curing {unknown}


   Skills:
 + Level 4.2 Fighting
 * Level 4.2 Long Blades
 - Level 1.7 Armour
 - Level 0.8 Dodging
 + Level 4.5 Invocations


You had 5 spell levels left.
You didn't know any spells.
Your spell library contained the following spells:

 Spells                   Type           Power      Damage    Failure   Level
 Foxfire                  Conj/Fire      0%         2x1d4     36%         1
 Magic Dart               Conj           0%         1d3       36%         1
 Shock                    Conj/Air       0%         1d3       36%         1
 Searing Ray              Conj           0%         3d3       52%         2
 Swiftness                Air            0%         N/A       75%         3
 Iskenderun's Battlesphe  Conj           0%         2d6       100%        5
 Spellforged Servitor     Conj/Summ      0%         N/A       100%        7


Dungeon Overview and Level Annotations

Branches:
Dungeon (4/15)
 Temple: D:4-7

Altars:
Makhleb
Xom

Shops:
D:1 [

Annotations:
D:3 3 runed translucent doors, polve's ghost, weakling DsAK


Innate Abilities, Weirdness & Mutations

You have razor-sharp toenails.
You have a somewhat thin skeletal structure. (Dex +2, Stealth+)
You regenerate magic rapidly.
A meltable shield of frost defends you. (SH +4)


Message History

You claw the scorpion, but do no damage.
The scorpion is moderately wounded.
You feel sick. The scorpion stings you! The scorpion barely misses you.
You are too injured to fight recklessly!
A scorpion is nearby!
You are too injured to fight recklessly!
You are too injured to fight recklessly!
A scorpion is nearby!
You are too injured to fight recklessly!
You are too injured to fight recklessly!
You are too injured to fight recklessly!
You are too injured to fight recklessly!
You closely miss the scorpion.
The scorpion is moderately wounded.
You feel sick. The scorpion stings you!
You are lethally poisoned!
The scorpion poisons you!
You hit the scorpion. You claw the scorpion.
The scorpion is severely wounded.
* * * LOW HITPOINT WARNING * * *
You feel very sick. The scorpion stings you.
* * * LOW HITPOINT WARNING * * *
You are more poisoned.
The scorpion poisons you!
You hit the scorpion.
You kill the scorpion!
Lugonu accepts your kill.
* * * LOW HITPOINT WARNING * * *
You feel very sick.
You have reached level 6!
Your experience leads to an increase in your attributes!
Increase (S)trength, (I)ntelligence, or (D)exterity?
You feel stronger.
Your demonic ancestry asserts itself...
Your toenails lengthen and sharpen.
There is a lethal amount of poison in your body!
It was a potion of degeneration.
There was something very wrong with that liquid.
You feel weakened.
You feel dopey.
You feel clumsy.
You die...

#.... #.#.# #.# #...
#.#.# #.# ..# #.#.###.#
... #.#..##.# #.# #
#.##.##.# #.# # ##
#.#..##.# #.####.#.#
.###.......####.......$#
))............?.@.......
.####...###########..#.#
## ##..# ..# # ##.# #
#.# #.# #.# #.# #.#


There were no monsters in sight!

Vanquished Creatures
  A scorpion (D:4)
  A howler monkey (D:3)
  A crimson imp (D:3)
  A centaur skeleton (D:2)
  Robin (D:3)
  An adder (D:3)
  2 worms
  2 dart slugs
  5 orcs (D:3)
  6 bats
  6 endoplasms
  3 giant cockroaches
  15 goblins
  6 hobgoblins
  4 jackals
  2 quokkas
  7 ball pythons
  5 frilled lizards
  4 kobolds
  2 rats
75 creatures vanquished.

Notes
Turn   | Place    | Note
-------+----------+-------------------------------------------
     0 | Abyss:1  | kae the Demonspawn Abyssal Knight began the quest for the
                  | Orb.
     0 | Abyss:1  | Reached XP level 1. HP: 18/18 MP: 2/2
    41 | Abyss:1  | Noticed a small abomination
    42 | D:1      | Escaped the Abyss
   172 | D:1      | Found Moicwafe's Antique Armour Emporium.
   189 | D:1      | Found a faded altar of an unknown god.
   248 | D:1      | Identified the Incunabulum of Hurtful Flight
   252 | D:1      | Gained mutation: You have a somewhat thin skeletal
                  | structure. (Dex +2, Stealth+) [demonic ancestry]
   252 | D:1      | Reached XP level 2. HP: 24/24 MP: 4/4
   267 | D:1      | Reached * piety under Lugonu
  1347 | D:2      | Gained mutation: You have sharp toenails. [demonic
                  | ancestry]
  1347 | D:2      | Reached XP level 3. HP: 17/29 MP: 5/5
  1951 | D:2      | Gained mutation: You regenerate magic rapidly. [demonic
                  | ancestry]
  1951 | D:2      | Reached XP level 4. HP: 35/35 MP: 6/6
  2780 | D:3      | Reached ** piety under Lugonu
  2829 | D:3      | Found a runed translucent gate.
  2829 | D:3      | Found a runed translucent gate.
  2829 | D:3      | Found a runed translucent gate.
  2836 | D:3      | Noticed polve's ghost (weakling DsAK)
  3012 | D:3      | Gained mutation: A meltable shield of frost defends you.
                  | (SH +4) [demonic ancestry]
  3012 | D:3      | Reached XP level 5. HP: 42/42 MP: 6/8
  3222 | D:3      | Found a shimmering altar of Xom.
  3222 | D:3      | Found a burning altar of Makhleb.
  3944 | D:4      | Identified the +2 helmet of Dithmenos's Delight {Harm rF++
                  | Dex-5}
  3944 | D:4      | Noticed Robin
  4404 | D:3      | Killed Robin
  4656 | D:4      | Gained mutation: You have razor-sharp toenails. [demonic
                  | ancestry]
  4656 | D:4      | Reached XP level 6. HP: 5/48 MP: 9/9
  4656 | D:4      | Succumbed to a scorpion's poison

Illustrated notes

Levels and vault maps discovered:
D:1:      dpeg_arrival_round_c, layout_basic, chequers_ecumenical_altar_island,
          serial_shops, nicolae_shop_overgrown_old_shop, minmay_door_square
D:2:      layout_basic
D:3:      layout_loops_cross, grunt_temple_overflow_champion_of_chaos,
          gammafunk_ghost_necromancy, minmay_goblin_outpost
D:4:      layout_loops_corners, ebering_ghost_inner_flame, lightli_minifort,
          uniq_grinder, uniq_ijyb, uniq_sigmund, uniq_menkaure, uniq_robin

Skill      XL: |  1  2  3  4  5 |
---------------+----------------+-----
Long Blades    | 2 3 4 |  4.2
Invocations    | 3 4 |  4.5
Fighting       | 4 |  4.2
Armour         | |  1.7
Dodging        | |  0.8

Action                   |  1- 3 |  4- 6 || total
-------------------------+-------+-------++-------
Melee: Falchion          |    63 |   102 ||   165
       Kick              |     5 |    21 ||    26
Throw: Stone             |       |    13 ||    13
Invok: Depart the Abyss  |     1 |       ||     1
  Use: Scroll            |     7 |     4 ||    11
       Potion            |       |     1 ||     1
 Stab: Sleeping          |     8 |     6 ||    14
Armor: Leather armour    |    17 |    17 ||    34
Dodge: Dodged            |    36 |    64 ||   100
Block: Other             |       |    17 ||    17
       Rpst.: Falchion   |    14 |    10 ||    24

Table legend: (Time is in decaauts)
 A = Elapsed time spent in this place.
 B = Non-inter-level travel time spent in this place.
 C = Inter-level travel time spent in this place.
 D = Time resting spent in this place.
 E = Time spent auto-exploring this place.
 F = Levels seen in this place.
 G = Mean time per level.
                   A        B        C        D        E       F      G
               +--------+--------+--------+--------+--------+-----+--------+
         Total |   4688 |   4515 |    173 |    541 |   3394 |   5 |  937.6 |
       Dungeon |   4646 |   4473 |    173 |    541 |   3355 |   4 | 1161.5 |
         Abyss |     42 |     42 |      0 |      0 |     39 |   1 |   42.0 |
               +--------+--------+--------+--------+--------+-----+--------+

Top non-repeatable levels by time:
     D:3: 1698 daAuts
     D:2: 1571 daAuts
     D:1: 1218 daAuts
     D:4: 157 daAuts
 Abyss:1: 42 daAuts
